AoeStats
← Lænsmannj

MegaRandom

510184343Analyzed
3v3 RM · 18h ago on Sep 29, 2026· 37m 25s· 6 players
Game mode
Random Map
Map size
Normal (6 player)
Population
200
Speed
Normal
Resources
Standard
Victory
Conquest
Starting age
Dark Age
Ending age
Imperial Age
RankedLock teamsTeams togetherTeam positionsShared explorationLock speedFull tech treeHidden civsTurbo modeCheats
Victory
Defeat
🇫🇷 Mongols · France
864
+16
🇳🇴 Vikings · Norway
827
+18
🇲🇽 Persians · Mexico
793
+19
🇲🇽 Japanese · Mexico
907
-19
🇺🇸 Magyars · United States
869
-31
🇲🇽 Poles · Mexico
825
-16
Lænsmannj
11:58 Feudal Age
10:50 Loom
12:53 Double-Bit Axe
13:20 Fishing Lines
14:19 Horse Collar
15:46 Gold Mining
15:33 Man-at-Arms
23:58 Castle Age
22:44 Scale Mail Armor
24:56 Pikeman
26:29 Bow Saw
27:26 Long Swordsman
28:53 Squires
32:42 Heavy Plow
34:29 Forging
34:44 Chain Mail Armor
40:30 Imperial Age
robertok1904
6:36 Loom
6:44 Loom
11:17 Feudal Age
12:03 Double-Bit Axe
17:30 Horse Collar
20:12 Castle Age
19:10 Forging
19:06 Scale Barding Armor
25:13 Bow Saw
27:29 Bloodlines
29:04 Chain Barding Armor
33:50 Gold Mining
35:28 Wheelbarrow
35:46 Kamandaran
36:25 Husbandry
36:11 Crossbowman
chazychaz
11:34 Feudal Age
12:39 Fishing Lines
12:54 Double-Bit Axe
18:01 Castle Age
16:01 Stone Mining
16:35 Gold Mining
16:49 Fletching
17:24 Horse Collar
19:19 Bow Saw
21:22 Wheelbarrow
20:33 Loom
21:15 Bodkin Arrow
22:30 Husbandry
22:41 Bloodlines
24:04 Padded Archer Armor
25:00 Gold Shaft Mining
29:15 Leather Archer Armor
29:57 Ballistics
31:59 Wheelbarrow
31:09 Town Watch
31:59 Herbal Medicine
36:06 Hand Cart
38:22 Imperial Age
37:24 Stone Shaft Mining
36:50 Heavy Plow
DEADASS BEE
11:19 Feudal Age
11:53 Double-Bit Axe
15:09 Fishing Lines
16:52 Wheelbarrow
19:59 Castle Age
24:43 Bow Saw
26:39 Hand Cart
27:26 Gold Mining
29:20 Fletching
29:00 Pikeman
34:41 Gold Shaft Mining
33:55 Horse Collar
35:13 Heavy Plow
38:20 Gold Shaft Mining
joelsc22
12:59 Feudal Age
13:52 Double-Bit Axe
15:44 Wheelbarrow
18:49 Castle Age
17:16 Fishing Lines
18:47 Scale Barding Armor
18:53 Forging
20:44 Loom
21:32 Gold Mining
21:33 Stone Mining
21:28 Horse Collar
27:13 Stone Mining
29:45 Squires
30:16 Light Cavalry
35:20 Iron Casting
35:05 Chain Barding Armor
34:53 Husbandry
35:03 Bloodlines
35:39 Hand Cart
35:10 Town Watch
36:19 Gillnets
Shonedrache
11:42 Feudal Age
12:14 Double-Bit Axe
12:48 Fishing Lines
14:53 Gold Mining
19:12 Castle Age
17:49 Wheelbarrow
17:00 Loom
17:56 Stone Mining
20:04 Bow Saw
21:54 Padded Archer Armor
22:07 Forging
22:45 Gold Shaft Mining
22:03 Fletching
23:06 Fervor
23:53 Murder Holes
24:10 Masonry
28:26 Bodkin Arrow
Connection lost

Rejoining the realm…

Still unreachable

The connection could not be restored.

Session expired

The server has moved on; the page needs a fresh start.